 Dungeon Crawl Stone Soup version 0.29-a0-334-gb41bcbb86e (webtiles) character file.

Game seed: 16073514957866090521

14 spaghetti the Sneak (level 2, -2/28 HPs)
             Began as a Naga Delver on Apr 13, 2022.
             Slain by an iguana (11 damage)
             ... on level 4 of the Dungeon.
             The game lasted 00:00:33 (168 turns).

spaghetti the Sneak (Naga Delver)                    Turns: 168, Time: 00:00:34

Health: -2/28      AC:  2    Str: 14    XL:     2   Next: 41%
Magic:  2/2        EV:  9    Int: 10    God:
Gold:   40         SH:  0    Dex: 12    Spells: 1/1 levels left

rFire   . . .      SeeInvis +   h - +0 morningstar {mace}
rCold   . . .      Faith    .   (no shield)
rNeg    . . .      Spirit   .   b - +0 leather armour
rPois   +          Reflect  .   (no helmet)
rElec   .          Harm     .   (no cloak)
rCorr   .          Rampage  .   (no gloves)
Will    .....                   (no barding)
Stlth   +++.......              (no amulet)
HPRegen 0.09/turn               (no ring)
MPRegen 0.08/turn               (no ring)

@: mighty, very slow
A: AC +0, large, see invisible, deformed body, poison resistance, slowness 2,
spit poison 1, naga tail 1
a: Spit Poison


You were on level 4 of the Dungeon.
You visited 1 branch of the dungeon, and saw 2 of its levels.

You collected 40 gold pieces.


Innate Abilities, Weirdness & Mutations

Your serpentine skin is tough. (AC +0)
You have supernaturally acute eyesight. (SInv)
Armour fits poorly on your strangely shaped body.
Your system is resistant to poisons. (rPois)
You cover ground very slowly.
You can spit poison.
You have a snake-like lower body.


   Skills:
 - Level 3.1 Fighting
 - Level 2.2 Maces & Flails
 + Level 0.5 Armour
 - Level 1.7 Dodging
 - Level 7.4 Stealth


You had one spell level left.
You didn't know any spells.
Your spell library contained the following spells:

 Spells                   Type           Power      Damage    Failure   Level
 Confusing Touch          Hex            0%         N/A       82%         3
 Yara's Violent Unravell  Hex/Tmut       0%         3d3       100%        5
 Enfeeble                 Hex            0%         N/A       100%        7

Inventory:

Hand Weapons
 a - a +0 mace {mace}
 h - a +0 morningstar (weapon) {mace}
   (You found it on level 5 of the Dungeon)
Armour
 b - a +0 leather armour (worn)
Jewellery
 n - a ring of poison resistance
   (You found it on level 4 of the Dungeon)
Wands
 g - a wand of digging (3)
Scrolls
 c - a scroll of fog
 d - a scroll of magic mapping {!r}
 e - a scroll of fear
 k - a scroll of vulnerability {unknown}
 l - a scroll of identify {unknown}
Potions
 f - a potion of haste {@q3}
 j - a potion of curing {unknown}
 m - a potion of cancellation {unknown}

Dungeon Overview and Level Annotations

Branches:
Dungeon (5/15)
 Temple: D:4-7

Altars:

.$ ######### ...
##...#...##
...##.........##
...............#
.......).......#
#....@l.....#
##.........##
##...#...## #
########.######
## #####........#
.###.....########
.....##### ..####
###### ..#
##....#


You could see an iguana (poisoned).


Message History

You climb upwards.
There is a stone staircase leading down here.
Unknown command.
Unknown command.
j - a ruby potion
There is a stone staircase leading down here.
k - a scroll labelled LINAET COMYGYMP An adder comes into view.
An adder is nearby!
An adder is nearby!
You see here 11 gold pieces.
The helpless adder fails to defend itself.
You puncture the adder!
You kill the adder!
You have reached level 2! 😎 HP[+7] MP[+1]
You now have 28 max hp (+7).
Your hp is fully restored (28).
Your mp is fully restored (2).
You now have 11 gold pieces.
You see here an adder corpse.
Found a stone staircase leading down.
An orc comes into view. It is wielding a +0 trident.
An orc is nearby!
An orc is nearby!
The orc shouts!
The orc closely misses you. The orc hits you but does no damage.
The orc hits you but does no damage.
You puncture the orc!
You kill the orc!
No target in view!
No target in view!
No target in view!
No target in view!
No target in view!
No target in view!
No target in view!
Unknown command.
You see here a +0 trident {polearm}.
Found a stone staircase leading down.
l - a scroll labelled ZEQID DAUSH A ball python comes into view.
A ball python is nearby!
The ball python hisses angrily.
There is a stone staircase leading down here.
You barely miss the ball python.
The ball python bites you but does no damage.
The ball python barely misses you.
You barely miss the ball python. The ball python bites you.
The ball python bites you but does no damage. 😕 HP[-1]
You take 1 damage, and now have 27/28 hp.
You sock the ball python!
You kill the ball python!
No target in view!
No target in view!
No target in view!
No target in view!
No target in view!
No target in view!
No target in view!
No target in view!
m - a bubbling silvery potion 😎 HP[+1]
Your hp is fully restored (28).
You now have 28 gold pieces (gained 17).
n - a ring of poison resistance You now have 40 gold pieces (gained 12).
A goblin comes into view. It is wielding a +0 dagger.
A goblin is nearby!
A goblin is nearby!
An iguana comes into view.
The helpless goblin fails to defend itself.
You bludgeon the goblin!!
You kill the goblin!
The iguana bites you!
You are too injured to fight recklessly!
You are too injured to fight recklessly!
You are too injured to fight recklessly! 😮 HP[-8]
You take 8 damage, and now have 20/28 hp.
MASSIVE DAMAGE!! (PAUSE)
Aiming: Spit Poison (2% risk of failure)
Press: ? - help, Shift-Dir - straight line, f - iguana
Aim: an iguana (65% to hit)
The splash of poison hits the iguana but does no damage.
The iguana is poisoned.
The iguana bites you. 😮 HP[-1]
You take 1 damage, and now have 19/28 hp.
You barely miss the iguana.
The iguana bites you but does no damage.
The iguana bites you!
* * * LOW HITPOINT WARNING * * *
😨 HP[-10]
You take 10 damage, and now have 9/28 hp.
MASSIVE DAMAGE!! (PAUSE) It was a potion of might.
You feel very mighty all of a sudden.
You have got your breath back.
The iguana bites you!
You die...

Action                   || total
-------------------------++-------
Melee: Morningstar       ||     7
 Abil: Spit Poison       ||     1
  Use: Potion            ||     1
 Stab: Sleeping          ||     2
Armor: Leather armour    ||     5
Dodge: Dodged            ||     2

Levels and vault maps discovered:
D:4:      layout_rooms
D:5:      cheibrodos_fzero, layout_basic

Notes
Turn   | Place    | Note
-------+----------+-------------------------------------------
     0 | D:5      | spaghetti the Naga Delver began the quest for the Orb.
     0 | D:5      | Reached XP level 1. HP: 21/21 MP: 1/1
     0 | D:5      | magus.rc [v1.9.6]
    11 | D:5      | You pick up a book of Misfortune and begin reading...
    11 | D:5      | You add the spells Confusing Touch, Yara's Violent
                  | Unravelling and Enfeeble to your library.
    66 | D:4      | Reached XP level 2. HP: 28/28 MP: 2/2
   168 | D:4      | Slain by an iguana

Vanquished Creatures
  An adder (D:4)
  An orc (D:4)
  A ball python (D:4)
  A goblin (D:4)
4 creatures vanquished.

Table legend:
 A = Non-vault XP
 B = Vault XP
 C = Vault XP percentage of total XP
 D = Non-vault monster count
 E = Vault monster count
 F = Vault count percentage of total count
                 A         B        C        D         E       F
            +---------+---------+-------+---------+---------+-------
      Total |      20 |       0 |   0.0 |       4 |       0 |   0.0
            +---------+---------+-------+---------+---------+-------
        D:4 |      20 |       0 |   0.0 |       4 |       0 |   0.0
            +---------+---------+-------+---------+---------+-------

Illustrated notes

Table legend:
 A = Kills in this place as a percentage of kills in entire the game.
 B = Kills by you in this place as a percentage of kills by you in the entire game.
 C = Kills by friends in this place as a percentage of kills by friends in the entire game.
 D = Other kills in this place as a percentage of other kills in the entire game.
 E = Experience gained in this place as a percentage of experience gained in the entire game.
 F = Experience gained in this place divided by the number of levels of this place that you have seen.
                   A       B       C       D       E      F
               +-------+-------+-------+-------+-------+----------------------
         Total | 100.0 | 100.0 |   N/A |   N/A | 100.0 |  10.0
       Dungeon | 100.0 | 100.0 |   N/A |   N/A | 100.0 |  10.0
               +-------+-------+-------+-------+-------+----------------------

Table legend: (Time is in decaauts)
 A = Elapsed time spent in this place.
 B = Non-inter-level travel time spent in this place.
 C = Inter-level travel time spent in this place.
 D = Time resting spent in this place.
 E = Time spent auto-exploring this place.
 F = Levels seen in this place.
 G = Mean time per level.
                   A        B        C        D        E       F      G
               +--------+--------+--------+--------+--------+-----+--------+
         Total |    228 |    228 |      0 |      0 |    151 |   2 |  114.0 |
       Dungeon |    228 |    228 |      0 |      0 |    151 |   2 |  114.0 |
               +--------+--------+--------+--------+--------+-----+--------+

Top non-repeatable levels by time:
     D:4: 199 daAuts
     D:5: 28 daAuts
